 Dungeon Crawl Stone Soup version 0.29.1-15-g9cfb28693d (webtiles) character file.

Game seed: 2036688270783612399

2063 H0rd4k the Insei (level 9, 0/61 HPs)
             Began as an Octopode Artificer on Apr 12, 2023.
             Slain by a two-headed ogre
             ... wielding a +0 halberd
              (9 damage)
             ... in a bailey.
             The game lasted 00:09:48 (9978 turns).

H0rd4k the Insei (Octopode Artificer)               Turns: 9978, Time: 00:09:49

Health: 0/61       AC:  1    Str: 12    XL:     9   Next: 25%
Magic:  16/16      EV: 13    Int: 17    God:
Gold:   279        SH:  0    Dex: 12    Spells: 16/17 levels left

rFire   . . .      SeeInvis .     - Unarmed
rCold   + . .      Faith    .   (no shield)
rNeg    + + .      Spirit   .   (helmet restricted)
rPois   .          Reflect  .   (no amulet)
rElec   .          Harm     .   k - ring of positive energy
rCorr   .          Rampage  .   B - ring of protection from cold
Will    .....                   A - ring of positive energy
Stlth   ++++......              (no ring)
HPRegen 0.20/turn               (no ring)
MPRegen 0.15/turn               (no ring)
                                (no ring)
                                (no ring)

@: no status effects
A: almost no armour, amphibious, 8 rings, camouflage 1, gelatinous body 1,
nimble swimmer 1, tentacles
a: no special abilities


You were in a bailey.
You visited 2 branches of the dungeon, and saw 9 of its levels.
You also visited: Bailey.

You collected 279 gold pieces.

Inventory:

Missiles
 q - 2 datura-tipped darts
 F - 9 poisoned darts (quivered)
 G - a throwing net
Magical Staves
 a - a staff of air
 h - a staff of conjuration
Jewellery
 k - a ring of positive energy (left tentacle)
 A - a ring of positive energy (on tentacle)
 B - a ring of protection from cold (right tentacle)
Wands
 d - a wand of iceblast (1)
 w - a wand of polymorph (13)
 C - a wand of paralysis (6)
 I - a wand of roots (6)
 J - a wand of mindburst (14)
Scrolls
 f - 11 scrolls of identify {unknown}
 i - a scroll of amnesia {unknown}
 j - 4 scrolls of teleportation {unknown}
 l - a scroll of immolation {unknown}
 n - a scroll of enchant weapon {unknown}
 p - a scroll of butterflies {unknown}
 s - a scroll of blinking {unknown}
 v - a scroll of poison {unknown}
 x - a scroll of brand weapon {unknown}
 y - 2 scrolls of noise {unknown}
 D - a scroll of enchant armour {unknown}
 E - a scroll of vulnerability {unknown}
 H - a scroll of magic mapping {unknown}
Potions
 e - 3 potions of curing
 g - 3 potions of haste
 m - a potion of lignification {unknown}
 o - a potion of attraction {unknown}
 r - 4 potions of heal wounds {unknown}
 t - a potion of magic {unknown}
 u - 2 potions of resistance {unknown}
 z - a potion of might {unknown}


   Skills:
 + Level 5.6 Fighting
 + Level 4.2 Throwing
 - Level 2.3 Dodging
 - Level 1.3 Stealth
 - Level 7.0 Unarmed Combat
 * Level 4.9 Spellcasting
 * Level 2.3 Summonings
 - Level 3.2 Evocations


You had 16 spell levels left.
You knew the following spells:

 Your Spells              Type           Power      Damage    Failure   Level
a - Summon Small Mammal   Summ           48%        N/A       5%          1

Your spell library contained the following spells:

 Spells                   Type           Power      Damage    Failure   Level
 Apportation              Tloc           8%         N/A       14%         1
 Necrotise                Necr           16%        1d4       14%         1
 Gell's Gravitas          Tloc           4%         N/A       41%         3
 Teleport Other           Tloc           4%         N/A       41%         3
 Summon Lightning Spire   Summ/Air       8%         N/A       65%         4
 Summon Forest            Summ/Tloc      4%         N/A       94%         5
 Dispersal                Tloc           2%         N/A       100%        6
 Summon Hydra             Summ           6%         N/A       100%        7


Dungeon Overview and Level Annotations

Branches:
Dungeon (8/15)             Temple (1/1) D:5          Bailey (1/1)
   Lair: D:8-11

Altars:
Ashenzari
Cheibriados
Dithmenos
Elyvilon
Fedhas
Hepliaklqana
Nemelex Xobeh
Okawaru
Ru
Sif Muna
Uskayaw
Xom
Yredelemnul
Zin
The Shining One

Annotations:
D:3 exclusion: 2 downstairs


Innate Abilities, Weirdness & Mutations

You cannot wear most types of armour.
You are amphibious.
You can wear up to eight rings at the same time.
Your skin changes colour to match your surroundings (Stealth+).
Your rubbery body absorbs attacks. (AC +1, EV +1)
You are camouflaged when in or above water. (Stealth+)
You have tentacles for arms and can constrict up to eight enemies at once.


Message History

The spriggan hits you with a +0 spear!
Your rat misses the spriggan. The spriggan hits you with a +0 spear.
You tentacle-slap the spriggan. Your grab misses the spriggan.
You squeeze the spriggan, but do no damage.
The spriggan is moderately wounded.
The spriggan hits you with a +0 spear.
Your rat misses the spriggan.
You tentacle-slap the spriggan but do no damage.
Your grab misses the spriggan. You tentacle-slap the spriggan.
The spriggan is heavily wounded.
The spriggan hits you with a +0 spear!
* * * LOW HITPOINT WARNING * * *
Your rat splashes around in the water.
Aiming: Paralyse
Press: ? - help, Shift-Dir - straight line, f - spriggan
Aim: a spriggan, wielding a +0 spear and wearing the +8 ice dragon scales "Yprox" {rF- rC++ rCorr} (heavily wounded, fast, ally target, chance to affect: 23%)
The spriggan resists with almost no effort.
The spriggan hits you with a +0 spear!
* * * LOW HITPOINT WARNING * * *
The spriggan misses you.
Your rat bites the spriggan but does no damage.
You feel better. The spriggan closely misses you.
Your rat splashes around in the water.
Aiming: Paralyse
Press: ? - help, Shift-Dir - straight line, f/p - spriggan
Aim: a spriggan, wielding a +0 spear and wearing the +8 ice dragon scales "Yprox" {rF- rC++ rCorr} (moderately wounded, fast, ally target, chance to affect: 23%)
The spriggan resists with almost no effort.
The spriggan hits you with a +0 spear.
* * * LOW HITPOINT WARNING * * *
A two-headed ogre comes into view.
It is wielding a +0 halberd and a +0 glaive.
The spriggan barely misses you.
Your rat bites the spriggan but does no damage.
Aiming: Mindburst
Press: ? - help, Shift-Dir - straight line, f/p - spriggan
Aim: a spriggan, wielding a +0 spear and wearing the +8 ice dragon scales "Yprox" {rF- rC++ rCorr} (moderately wounded, fast, ally target, chance to affect: 44%)
The spriggan resists with some effort.
You hear a roar!
The spriggan splashes around in the water.
The two-headed ogre misses you.
The two-headed ogre hits you from afar with a +0 glaive!
You die...

#..# ..#..# #..♣
..#..# #..# ..#..#
#..♣. ..#..# #..#..
♣♣..#).#
#..##..♣♣♣♣♣..##..#
##..##...O.i.##).##
##..###♣i####..##
##....~r@....##
##.........##
##.......##
#########


You could see a two-headed ogre, a spriggan (fast, ally target) and a friendly
rat (summoned).

Vanquished Creatures
  2 spriggans (Bailey)
  3 ice beasts (D:6)
  2 black bears
  5 ogres
  A bullfrog (D:8)
  A scorpion (D:5)
  A howler monkey (D:4)
  2 jellies
  A hound (D:5)
  A gnoll bouda (D:8)
  An orc priest (D:8)
  8 iguanas
  8 gnolls (D:5)
  2 adders
  2 shadow imps (D:5)
  A white imp (D:5)
  An ufetubus (D:4)
  A worm (D:3)
  3 dart slugs
  14 orcs
  7 ball pythons
  4 endoplasms
  2 giant cockroaches
  19 goblins
  10 hobgoblins
  14 jackals
  6 quokkas
  4 bats
  15 frilled lizards
  12 kobolds
  6 rats
159 creatures vanquished.

Vanquished Creatures (collateral kills)
  A hound (D:4)
  3 gnolls (D:8)
  A frilled lizard (D:4)
5 creatures vanquished.

Vanquished Creatures (others)
  A spriggan (Bailey)
  An ogre (D:4)
  A bullfrog (D:7)
  An iguana (D:4)
  An adder (D:4)
  A butterfly (D:8)
  13 plants
19 creatures vanquished.

Grand Total: 183 creatures vanquished

Notes
Turn   | Place    | Note
-------+----------+-------------------------------------------
     0 | D:1      | H0rd4k the Octopode Artificer began the quest for the Orb.
     0 | D:1      | Reached XP level 1. HP: 13/13 MP: 1/1
   367 | D:1      | Reached XP level 2. HP: 9/18 MP: 1/3
   664 | D:1      | Reached skill level 1 in Spellcasting
  1675 | D:1      | Reached XP level 3. HP: 24/24 MP: 5/5
  1676 | D:1      | Found a faded altar of an unknown god.
  1893 | D:1      | Reached skill level 1 in Unarmed Combat
  2340 | D:2      | Reached XP level 4. HP: 24/29 MP: 6/6
  2804 | D:2      | Reached skill level 2 in Unarmed Combat
  3434 | D:3      | Reached XP level 5. HP: 31/35 MP: 8/8
  4191 | D:4      | Reached skill level 3 in Unarmed Combat
  4372 | D:4      | Reached XP level 6. HP: 19/42 MP: 9/9
  4535 | D:4      | Noticed a black bear
  5287 | D:5      | Entered Level 5 of the Dungeon
  5333 | D:5      | Noticed a black bear
  5341 | D:5      | Killed a black bear
  5342 | D:5      | Reached skill level 4 in Unarmed Combat
  5476 | D:5      | Reached XP level 7. HP: 42/47 MP: 11/11
  5936 | D:5      | Reached skill level 5 in Unarmed Combat
  6281 | D:5      | Reached skill level 1 in Throwing
  6860 | D:5      | Found a staircase to the Ecumenical Temple.
  6871 | Temple   | Entered the Ecumenical Temple
  7001 | D:6      | Reached XP level 8. HP: 14/54 MP: 13/13
  7359 | D:6      | HP: 1/54 [ogre/+0 giant club (19)]
  7361 | D:6      | Reached skill level 6 in Unarmed Combat
  7839 | D:6      | Got the Handbook of Helpful Transposition
  7840 | D:6      | Found a shimmering altar of Xom.
  8083 | D:6      | HP: 2/54 [centaur/+2 mace of protection (11)]
  9009 | D:7      | Found a sparkling altar of Nemelex Xobeh.
  9344 | D:8      | Reached skill level 5 in Fighting
  9344 | D:8      | Reached skill level 7 in Unarmed Combat
  9357 | D:8      | Learned a level 1 spell: Summon Small Mammal
  9364 | D:8      | Found a white marble altar of Elyvilon.
  9428 | D:8      | Found a flagged portal.
  9447 | Bailey   | Entered a bailey
  9638 | Bailey   | Noticed a spriggan
  9638 | Bailey   | Noticed a spriggan
  9639 | Bailey   | Noticed a spriggan
  9649 | Bailey   | Killed a spriggan
  9650 | Bailey   | Reached skill level 1 in Summonings
  9650 | Bailey   | Reached XP level 9. HP: 36/61 MP: 15/15
  9950 | Bailey   | Identified the +8 ice dragon scales "Yprox" {rF- rC++
                  | rCorr}
  9975 | Bailey   | HP: 1/61 [spriggan/+0 spear (8)]
  9977 | Bailey   | Noticed a two-headed ogre
  9978 | Bailey   | Slain by a two-headed ogre

Illustrated notes

Levels and vault maps discovered:
D:1:      lightli_arrival_quake, layout_basic, ebering_ecumenical_altar_box
D:2:      layout_basic
D:3:      layout_basic
D:4:      layout_loops_ring, minmay_lizard_king
D:5:      corexii_shantytown, layout_loops_ring, lemuel_temple_firewalk_b,
          serial_bayou_pond_d
D:6:      layout_cave_pods, kennysheep_mini
D:7:      minmay_spotlight, layout_basic, nicolae_vehumet_altar_sigil,
          nemelex_xobeh_ov_fountains_minmay, serial_shops, shop,
          nicolae_shop_hallway_stairs, nicolae_shop_waterfront, grunt_livestock,
          lightli_corner_chamber
D:8:      layout_basic, nicolae_elyvilon_peaceful_grove,
          nicolae_overflow_two_pavilions, enter_bailey_5
Temple:   nicolae_temple_x_marks_the_god
Bailey:   bailey_polearm_enchanted_keep_hellmonk, bailey

Skill      XL: |  1  2  3  4  5  6  7  8  9 |
---------------+----------------------------+-----
Spellcasting   | 1 2 3 4 |  4.9
Fighting       | 2 3 4 5 |  5.6
Unarmed Combat | 1 2 3 4 5 7 |  7.0
Throwing       | 1 3 4 |  4.2
Summonings     | 1 2 |  2.3
Dodging        | |  2.3
Stealth        | |  1.3
Evocations     | |  3.2

Action                   |  1- 3 |  4- 6 |  7- 9 || total
-------------------------+-------+-------+-------++-------
Melee: Unarmed           |   112 |   103 |   164 ||   379
       Constrict         |    30 |    27 |    34 ||    91
       Tentacles         |    22 |    25 |    46 ||    93
       Punch             |     7 |     4 |    12 ||    23
Throw: Dart              |       |    11 |    40 ||    51
 Cast: Summon Small Mamm |       |       |     1 ||     1
Evoke: Wand              |     2 |    17 |    40 ||    59
  Use: Potion            |       |       |     3 ||     3
 Stab: Sleeping          |     6 |     7 |    11 ||    24
       Paralysed         |       |       |     6 ||     6
Armor: Skin              |     7 |     4 |     4 ||    15
Dodge: Dodged            |    61 |    65 |   103 ||   229
